 Dungeon Crawl Stone Soup version 0.28-b1-25-g9875b3fc8c (webtiles) character file.

Game seed: 159673797976458514

247858 iwittbrodt the Fencer (level 18, -3/172 HPs)
             Began as a Minotaur Fighter on Feb 2, 2022.
             Was an Elder of the Shining One.
             Slain by a slime creature (9 damage)
             ... on level 1 of the Vaults.
             The game lasted 02:13:40 (64204 turns).

iwittbrodt the Fencer (Minotaur Fighter)           Turns: 64204, Time: 02:13:41

Health: -3/172     AC: 32    Str: 33    XL:     18   Next: 83%
Magic:  30/30      EV: 11    Int:  8    God:    the Shining One [****..]
Gold:   1309       SH: 16    Dex: 10    Spells: 15/17 levels left

rFire   + . .      SeeInvis .   a - +4 falchion (freeze)
rCold   . . .      Faith    .   y - +1 kite shield {AC+3}
rNeg    + + .      Spirit   .   S - +6 chain mail {rF+}
rPois   +          Reflect  +   D - +2 hat
rElec   .          Harm     .   M - +2 cloak
rCorr   .          Rampage  .   w - +0 pair of gloves
Will    ++...                   r - +1 pair of boots {Fly}
Stlth   ..........              K - amulet of reflection
HPRegen 0.38/turn               E - ring of Sunlight {Ice rPois Will+ Str+4 Int+3}
MPRegen 0.22/turn               X - ring of fire

@: flying, glowing
A: horns 2, retaliatory headbutt
}: 2/15 runes: serpentine, barnacled
a: Renounce Religion, Divine Shield, Cleansing Flame


You were on level 1 of the Vaults.
You worshipped the Shining One.
The Shining One was greatly pleased with you.
You visited 7 branches of the dungeon, and saw 33 of its levels.
You also visited: Volcano.

You collected 3152 gold pieces.
You spent 1843 gold pieces at shops.

Inventory:

Hand Weapons
 a - a +4 falchion of freezing (weapon)
 c - the +2 great sword "Rarchut" {flame, rPois rC- rCorr Int+3}
   (You took it off a gnoll on level 9 of the Dungeon)

   It burns those it strikes, dealing additional fire damage.
   Big, fiery blades are also staple armaments of hydra-hunters.
   Int:       It affects your intelligence (+3).
   rC:        It makes you vulnerable to cold.
   rPois:     It protects you from poison.
   rCorr:     It protects you from acid and corrosion.
Missiles
 p - 33 poisoned darts (quivered)
 z - 2 curare-tipped darts
 J - 5 throwing nets
Armour
 r - a +1 pair of boots of flying (worn)
 w - a +0 pair of gloves (worn)
 y - a +1 kite shield of protection (worn)
 D - a +2 hat (worn)
 F - a +2 pair of boots
 M - a +2 cloak (worn)
 S - a +6 chain mail of fire resistance (worn)
Jewellery
 l - the ring of the Hidden Visions {rN+ Str+6 Int+5 Dex+3}
   (You took it off a merfolk siren on level 4 of the Shoals)

   [ring of strength]

   Str:       It affects your strength (+6).
   Int:       It affects your intelligence (+5).
   Dex:       It affects your dexterity (+3).
   rN:        It protects you from negative energy.
 s - a ring of resist corrosion
 E - the ring of Sunlight (left hand) {Ice rPois Will+ Str+4 Int+3}
   (You bought it in a shop on level 9 of the Dungeon)

   [ring of ice]

   It enhances your ice magic.
   Str:       It affects your strength (+4).
   Int:       It affects your intelligence (+3).
   rF:        It makes you vulnerable to fire.
   rC:        It protects you from cold.
   rPois:     It protects you from poison.
   Will:      It increases your willpower.
 K - an amulet of reflection (around neck)
 T - a ring of protection from fire
 V - an amulet of guardian spirit
 X - a ring of fire (right hand)
 Z - a ring of protection from cold
Wands
 g - a wand of flame (21)
 n - a wand of mindburst (21)
 o - a wand of paralysis (12)
 u - a wand of iceblast (42)
 W - a wand of polymorph (8)
Scrolls
 b - a scroll of fear
 e - 6 scrolls of enchant armour
 f - 2 scrolls of teleportation
 j - 6 scrolls of fog
 q - 2 scrolls of summoning
 v - 13 scrolls of identify
 C - 5 scrolls of vulnerability
 O - 2 scrolls of immolation
 Q - 2 scrolls of magic mapping
Potions
 d - 2 potions of might
 h - 13 potions of curing
 m - 4 potions of magic
 t - 5 potions of flight
 x - 2 potions of lignification
 A - 3 potions of cancellation
 B - 2 potions of haste
 L - a potion of ambrosia
 P - 3 potions of berserk rage
 R - 4 potions of resistance
Miscellaneous
 i - a phantom mirror
 k - a lightning rod (4/4)
 G - a phantom mirror
 I - a phantom mirror
 Y - a box of beasts


   Skills:
 * Level 18.2 Fighting
 - Level 20.0 Long Blades
 + Level 2.2 Throwing
 - Level 15.7 Armour
 - Level 8.5 Dodging
 - Level 0.2 Stealth
 + Level 9.8 Shields
 + Level 3.4 Translocations
 * Level 18.3 Invocations
 + Level 9.3 Evocations


You had 15 spell levels left.
You knew the following spells:

 Your Spells              Type           Power      Damage    Failure   Level
a - Blink                 Tloc           10%        N/A       71%         2

Your spell library contained the following spells:

 Spells                   Type           Power      Damage    Failure   Level
 Lesser Beckoning         Tloc           5%         N/A       90%         3
 Magic Dart               Conj           0%         1d3       95%         1
 Pain                     Necr           0%         1d4       95%         1
 Shock                    Conj/Air       0%         1d3       95%         1
 Sting                    Tmut/Pois      0%         1d3       95%         1
 Summon Small Mammal      Summ           0%         N/A       95%         1
 Call Imp                 Summ           0%         N/A       99%         2
 Poisonous Vapours        Pois/Air       0%         N/A       99%         2
 Searing Ray              Conj           0%         2d4       99%         2
 Call Canine Familiar     Summ           0%         N/A       100%        3
 Conjure Flame            Conj/Fire      0%         6-21      100%        3
 Mephitic Cloud           Conj/Pois/Air  0%         N/A       100%        3
 Summon Guardian Golem    Hex/Summ       0%         N/A       100%        3
 Swiftness                Air            0%         N/A       100%        3
 Tukima's Dance           Hex            0%         N/A       100%        3
 Airstrike                Air            0%         N/A       100%        4
 Cause Fear               Hex            0%         N/A       100%        4
 Fulminant Prism          Conj/Hex       0%         3d6       100%        4
 Iskenderun's Mystic Bla  Conj/Tloc      2%         2d3       100%        4
 Olgreb's Toxic Radiance  Pois           0%         N/A       100%        4
 Passage of Golubria      Tloc           5%         N/A       100%        4
 Summon Lightning Spire   Summ/Air       0%         N/A       100%        4
 Agony                    Necr           0%         N/A       100%        5
 Excruciating Wounds      Necr           0%         N/A       100%        5
 Irradiate                Conj/Tmut      0%         3d13      100%        5
 Lightning Bolt           Conj/Air       0%         1d11      100%        5
 Manifold Assault         Tloc           5%         N/A       100%        5
 Silence                  Hex/Air        0%         N/A       100%        5
 Summon Forest            Summ/Tloc      1%         N/A       100%        5
 Yara's Violent Unravell  Hex/Tmut       0%         3d3       100%        5
 Eringya's Noxious Bog    Tmut/Pois      0%         N/A       100%        6
 Dragon Form              Tmut           0%         N/A       100%        7
 Orb of Destruction       Conj           0%         9d5       100%        7
 Spellforged Servitor     Conj/Summ      0%         N/A       100%        7
 Summon Hydra             Summ           0%         N/A       100%        7
 Borgnjor's Revivificati  Necr           0%         N/A       100%        8
 Lehudib's Crystal Spear  Conj/Erth      0%         10d2      100%        8
 Necromutation            Tmut/Necr      0%         N/A       100%        8
 Death's Door             Necr           0%         N/A       100%        9
 Dragon's Call            Summ           0%         N/A       100%        9


Dungeon Overview and Level Annotations

Branches:
Dungeon (15/15)            Temple (1/1) D:4            Lair (6/6) D:10
 Shoals (4/4) Lair:4        Snake (4/4) Lair:2        Slime (0/5) Lair:5
    Orc (2/2) D:11            Elf (0/3) Orc:2        Vaults (1/5) D:14
 Depths (0/4) D:15        Volcano (visited)

Altars:
Ashenzari
Cheibriados
Dithmenos
Elyvilon
Fedhas
Gozag
Hepliaklqana
Kikubaaqudgha
Makhleb
Nemelex Xobeh
Okawaru
Qazlal
Ru
Sif Muna
Trog
Uskayaw
Vehumet
Wu Jian
Xom
Yredelemnul
Zin
The Shining One
Beogh
Jiyva

Shops:
D:9 =   D:10 [   Orc:2 !(*=?   Snake:1 !   Snake:2 *   Snake:3 **=

Portals:
Pandemonium: Orc:2

Annotations:
D:2 1 runed translucent door, Crazy Yiuf


Innate Abilities, Weirdness & Mutations

You have a pair of horns on your head.
You reflexively headbutt those who attack you in melee.


Message History

You kill the slime creature!
You block the slime creature's attack. The slime creature barely misses you.
You block the slime creature's attack.
You slash the slime creature! You freeze the slime creature.
You headbutt the slime creature.
The slime creature is severely wounded.
The slime creature barely misses you. You furiously retaliate!
You headbutt the slime creature! You block the slime creature's attack.
You slash the slime creature! You freeze the slime creature.
You headbutt the slime creature.
You kill the slime creature!
You block the slime creature's attack.
The slime creature hits you but does no damage.
You block the slime creature's attack.
You hit the slime creature. You freeze the slime creature.
The slime creature is lightly wounded.
The slime creature hits you.
* * * LOW HITPOINT WARNING * * *
The slime creature hits you.
* * * LOW HITPOINT WARNING * * *
You hit the slime creature. You freeze the slime creature.
The slime creature is moderately wounded.
The slime creature hits you! The Shining One protects you from harm!
You block the slime creature's attack.
You slice the slime creature!! You freeze the slime creature.
The slime creature is severely wounded.
You block the slime creature's attack.
You slash the slime creature! You freeze the slime creature.
You headbutt the slime creature!
The slime creature is almost dead.
The slime creature hits you but does no damage.
You slash the slime creature! You freeze the slime creature.
You kill the slime creature!
The slime creature hits you but does no damage.
You slash the slime creature! You freeze the slime creature.
You headbutt the slime creature.
The slime creature is lightly wounded.
The slime creature hits you!
You die...

#... #...
#... #...
##+######
#.......#
#.......#
#.......#
#..@....#
#..J....#
#.......#
#.......#
#########


You could see a slime creature.

Vanquished Creatures
  Rupert (D:15)
  A nagaraja (Snake:4)
  Donald (Snake:3)
  An emperor scorpion (D:15)
  Aizul (Snake:4)
  Nessos (Orc:2)
  A dire elephant (D:15)
  The ghost of GilGalad the Severer, a journeyman MiFi (D:11)
  Snorg (Lair:3)
  6 merfolk impalers
  4 merfolk javelineers (Shoals:4)
  5 vault guards (D:14)
  A yaktaur captain (Vaults:1)
  2 boulder beetles (D:9)
  A deep elf high priest (Vaults:1)
  2 rakshasas (D:14)
  13 naga warriors
  17 centaur warriors
  3 demonspawn
  2 alligator snapping turtles
  8 hydras
  A catoblepas (D:13)
  17 anacondas
  A satyr (Shoals:3)
  7 two-headed ogres
  8 death yaks
  4 merfolk avatars
  A death knight (D:14)
  4 merfolk aquamancers
  A tengu warrior (D:9)
  5 orc high priests (Orc:2)
  Urug (D:13)
  4 shock serpents
  Sonja (Lair:3)
  19 naga sharpshooters
  2 sun demons
  8 sea snakes
  2 salamander mystics
  3 skeletal warriors
  7 naga ritualists
  A harpy (shapeshifter) (D:9)
  8 harpies
  2 anaconda skeletons (Volcano)
  3 ironbound convokers
  Pikel (D:8)
  4 lindwurms
  4 deep elf pyromancers
  4 orc knights
  7 orc sorcerers
  24 manticores
  4 ugly things
  11 salamanders
  8 cyclopes
  9 fauns
  11 mana vipers
  6 elephants
  9 merfolk sirens
  A rust devil (Orc:2)
  Maurice (D:10)
  3 water nymphs
  3 torpor snails
  33 black mambas
  3 vault sentinels (Vaults:1)
  5 gargoyles
  4 guardian serpents
  12 naga magi
  The ghost of Eryximachus the Frost Mage, a novice BaIE of Jiyva (D:5)
  An unseen horror (D:11)
  5 yaktaurs
  Maggie (D:7)
  11 cane toads
  5 rime drakes
  9 komodo dragons
  A freezing wraith (D:15)
  2 efreet
  3 kobold demonologists
  A queen bee (shapeshifter) (D:14)
  The ghost of DemonSlayer the Conjurer, a novice DECj (D:5)
  The ghost of DemonSlayer the Conjurer, a novice DECj of Sif Muna (D:5)
  7 trolls
  A harpy skeleton (Volcano)
  23 merfolk
  7 wind drakes
  A hornet (D:8)
  5 polar bears
  2 meliai (shapeshifter)
  25 blink frogs
  19 slime creatures
  12 snapping turtles
  3 dream sheep (Shoals:3)
  5 wraiths
  7 wyverns
  3 flying skulls (Volcano)
  2 vampires (D:13)
  17 water elementals
  A shadow (D:12)
  6 basilisks
  A fire bat (shapeshifter) (D:9)
  55 yaks
  3 steam dragons
  3 vampire mosquitoes (D:11)
  40 nagas
  20 water moccasins
  24 orc warriors
  2 ice beasts (D:6)
  3 black bears
  A sky beast (D:8)
  A necrophage (D:4)
  6 boggarts
  8 ogres
  A wolf (Lair:1)
  6 centaurs
  A lemure (D:8)
  7 kobold brigands
  A phantom (D:4)
  9 bullfrogs
  A wyvern zombie (D:9)
  3 water moccasin zombies (D:4)
  A scorpion (D:5)
  A water moccasin skeleton (D:7)
  3 howler monkeys
  A spriggan skeleton (Volcano)
  7 wights
  6 electric eels
  6 centaur zombies
  2 bullfrog zombies (D:4)
  28 orc priests
  3 bullfrog skeletons
  4 gnoll shamans
  2 hounds (D:6)
  20 jellies
  5 iguanas
  Jessica (D:2)
  4 scorpion zombies (D:4)
  15 orc wizards
  Terence (D:2)
  A killer bee zombie (D:8)
  The ghost of cbfl8 the Sneak, a weakling MiDe (D:5)
  A naga skeleton (Volcano)
  4 hound zombies (D:4)
  3 hound skeletons (D:4)
  A howler monkey zombie (D:8)
  Robin (D:2)
  27 gnolls
  A howler monkey skeleton (D:5)
  10 adders
  A white imp (D:5)
  3 ufetubi
  2 adder zombies (D:4)
  3 adder skeletons (D:4)
  5 dart slugs
  60 orcs
  8 ball pythons
  7 endoplasms
  4 giant cockroaches
  13 goblins
  7 hobgoblins
  12 jackals
  2 quokkas
  4 bats
  A frilled lizard (D:2)
  30 kobolds
  A quokka skeleton (D:4)
  4 rats
1061 creatures vanquished.

Vanquished Creatures (collateral kills)
  2 nagarajas (Snake:4)
  A vault warden (Vaults:1)
  A merfolk javelineer (Shoals:4)
  A merfolk impaler (Shoals:4)
  2 vault guards (D:14)
  A salamander tyrant (Snake:3)
  2 naga warriors
  An anaconda (Snake:4)
  A merfolk avatar (Shoals:4)
  A death knight (D:14)
  3 two-headed ogres
  3 centaur warriors
  2 tengu warriors (D:14)
  A naga sharpshooter (Snake:1)
  A shock serpent (Snake:1)
  An ironbound convoker (Vaults:1)
  A harpy (Shoals:4)
  4 ugly things
  5 salamanders
  2 manticores
  A merfolk siren (Shoals:4)
  2 naga magi
  3 black mambas
  A freezing wraith (D:14)
  A troll (D:14)
  3 wind drakes
  4 merfolk
  A snapping turtle (Shoals:4)
  3 water elementals
  5 nagas
  An electric eel (D:15)
  An orc wizard (D:14)
62 creatures vanquished.

Vanquished Creatures (others)
  An ugly thing (D:9)
  An orc wizard (D:3)
  26 fungi
  111 plants
  3 withered plants (D:4)
142 creatures vanquished.

Grand Total: 1265 creatures vanquished

Notes
Turn   | Place    | Note
-------+----------+-------------------------------------------
     0 | D:1      | iwittbrodt the Minotaur Fighter began the quest for the
                  | Orb.
     0 | D:1      | Reached XP level 1. HP: 19/19 MP: 0/0
    23 | D:1      | Found a faded altar of an unknown god.
    47 | D:1      | Reached XP level 2. HP: 17/27 MP: 1/1
   366 | D:1      | Reached skill level 3 in Long Blades
   428 | D:1      | Reached XP level 3. HP: 29/33 MP: 2/2
   842 | D:2      | Noticed Jessica
   859 | D:2      | Killed Jessica
   889 | D:2      | Noticed Robin
   926 | D:2      | Reached XP level 4. HP: 27/40 MP: 3/3
  1110 | D:2      | Reached skill level 4 in Long Blades
  1157 | D:2      | Killed Robin
  1396 | D:2      | Noticed Terence
  1628 | D:2      | Reached XP level 5. HP: 45/46 MP: 4/4
  1640 | D:2      | Killed Terence
  1641 | D:2      | Reached skill level 5 in Long Blades
  2018 | D:2      | Found a runed translucent door.
  2129 | D:2      | Noticed Crazy Yiuf
  3586 | D:4      | Reached XP level 6. HP: 49/53 MP: 5/5
  3589 | D:4      | Reached skill level 6 in Long Blades
  3817 | D:4      | Reached skill level 7 in Long Blades
  3850 | D:4      | Reached skill level 5 in Fighting
  3850 | D:4      | Reached XP level 7. HP: 53/61 MP: 6/6
  3963 | D:4      | Reached skill level 5 in Armour
  3966 | D:4      | Reached skill level 8 in Long Blades
  3978 | D:4      | Found a staircase to the Ecumenical Temple.
  3991 | Temple   | Entered the Ecumenical Temple
  4584 | Temple   | Became a worshipper of the Shining One
  4933 | D:4      | Reached skill level 9 in Long Blades
  5091 | D:4      | Reached * piety under the Shining One
  5418 | D:5      | Entered Level 5 of the Dungeon
  5438 | D:5      | Reached XP level 8. HP: 64/70 MP: 7/7
  5528 | D:5      | Found a runed translucent gate.
  5528 | D:5      | Found a runed translucent gate.
  5528 | D:5      | Found a runed translucent gate.
  5529 | D:5      | Noticed DemonSlayer's ghost (novice DECj)
  5529 | D:5      | Noticed cbfl8's ghost (weakling MiDe)
  5530 | D:5      | Noticed Eryximachus's ghost (novice BaIE)
  5530 | D:5      | Noticed DemonSlayer's ghost (novice DECj)
  5991 | D:5      | Reached skill level 1 in Invocations
  6316 | D:6      | Reached skill level 1 in Evocations
  6789 | D:6      | Reached skill level 10 in Long Blades
  7297 | D:6      | Reached ** piety under the Shining One
  7317 | D:6      | Reached XP level 9. HP: 58/78 MP: 8/10
  7725 | D:6      | Found a white marble altar of Elyvilon.
  8199 | D:7      | Noticed Maggie
  8390 | D:7      | Killed Maggie
  8779 | D:7      | Reached skill level 11 in Long Blades
  9558 | D:8      | Noticed a centaur warrior
  9569 | D:8      | Reached XP level 10. HP: 64/88 MP: 12/12
  9576 | D:8      | Killed a centaur warrior
  9576 | D:8      | Noticed a two-headed ogre
  9577 | D:8      | Reached skill level 12 in Long Blades
 10354 | D:5      | Killed a two-headed ogre
 10557 | D:5      | Killed DemonSlayer's ghost
 10558 | D:5      | Killed cbfl8's ghost
 10564 | D:5      | Killed DemonSlayer's ghost
 10565 | D:5      | Reached skill level 5 in Invocations
 10568 | D:5      | Killed Eryximachus's ghost
 10731 | D:6      | Found a white marble altar of Elyvilon.
 11538 | D:8      | Noticed Pikel
 11547 | D:8      | Killed Pikel
 11548 | D:8      | Reached skill level 13 in Long Blades
 11826 | D:8      | Paralysed by a hornet for 3 turns
 12255 | D:8      | Noticed a cyclops
 12260 | D:8      | Killed a cyclops
 12594 | D:9      | Found Ribrigg's One-of-a-Kind Rings.
 12649 | D:9      | Noticed a tengu warrior
 12650 | D:9      | Noticed a deep elf pyromancer
 12658 | D:9      | Noticed a brown ugly thing
 12675 | D:9      | Killed a tengu warrior
 12676 | D:9      | Reached XP level 11. HP: 54/97 MP: 14/14
 12684 | D:9      | Killed a brown ugly thing
 12931 | D:9      | Killed a deep elf pyromancer
 12947 | D:9      | Reached *** piety under the Shining One
 13248 | D:9      | Noticed a boulder beetle
 13480 | D:9      | Killed a boulder beetle
 13481 | D:9      | Reached skill level 14 in Long Blades
 13592 | D:9      | Identified the +2 great sword "Rarchut" {flame, rPois rC-
                  | rCorr Int+3}
 13676 | D:9      | Noticed a harpy
 13676 | D:9      | a polar bear changed into a harpy
 13684 | D:9      | Killed a harpy
 13685 | D:9      | Reached skill level 5 in Shields
 13899 | D:9      | Noticed a boulder beetle
 13959 | D:9      | Killed a boulder beetle
 13960 | D:9      | Reached skill level 10 in Fighting
 13960 | D:9      | Reached skill level 5 in Evocations
 14498 | D:9      | Reached skill level 10 in Armour
 14571 | D:10     | Entered Level 10 of the Dungeon
 14705 | D:10     | Noticed a two-headed ogre
 14714 | D:10     | Killed a two-headed ogre
 14865 | D:10     | Found Xick's Antique Armour Emporium.
 14967 | D:10     | Noticed Maurice
 15408 | D:10     | Killed Maurice
 15434 | D:10     | Found a staircase to the Lair.
 15449 | D:10     | Reached XP level 12. HP: 108/108 MP: 16/16
 15452 | D:10     | Reached **** piety under the Shining One
 16119 | D:11     | Noticed a two-headed ogre
 16140 | D:11     | Killed a two-headed ogre
 16495 | D:11     | Noticed a two-headed ogre
 16513 | D:11     | Killed a two-headed ogre
 16877 | Lair:1   | Entered Level 1 of the Lair of Beasts
 17793 | Lair:1   | Noticed a seven-headed hydra
 18419 | D:9      | Killed a five-headed hydra
 18943 | Lair:2   | Found a staircase to the Snake Pit.
 19206 | Lair:2   | Found a dark tunnel.
 19216 | Volcano  | Entered a volcano
 20836 | Lair:2   | Reached skill level 10 in Invocations
 20836 | Lair:2   | Reached XP level 13. HP: 113/117 MP: 19/19
 21241 | Lair:2   | Reached skill level 15 in Long Blades
 21848 | Lair:3   | Noticed Sonja
 21851 | Lair:3   | Killed Sonja
 22076 | Lair:3   | Noticed Snorg
 22538 | Lair:3   | Killed Snorg
 23191 | Lair:4   | Found a staircase to the Shoals.
 23959 | Lair:5   | Reached skill level 16 in Long Blades
 24051 | Lair:5   | You fall into a shaft and drop 1 floor!
 24051 | Lair:6   | Entered Level 6 of the Lair of Beasts
 24820 | Lair:6   | Reached XP level 14. HP: 122/127 MP: 19/21
 25115 | Lair:5   | Found a staircase to the Slime Pits.
 25212 | Lair:5   | Found a shimmering altar of Xom.
 25534 | Lair:5   | Reached skill level 17 in Long Blades
 25790 | Lair:5   | Reached ***** piety under the Shining One
 26605 | Lair:6   | Identified the +8 rapier "Ushrampott" {vamp, +Blink rF-
                  | Will++ Dex+4}
 27679 | D:11     | Found a staircase to the Orcish Mines.
 27728 | D:11     | Noticed GilGalad's ghost (journeyman MiFi)
 27808 | D:11     | Identified the +12 dire flail of Disembowelment {antimagic,
                  | rElec rC+ rCorr Dex-3}
 27808 | D:11     | Identified the +8 great mace of the Bear {flame, Dex+4}
 27829 | D:11     | Found a transporter.
 27852 | D:11     | Found a viscous altar of Jiyva.
 28249 | D:11     | Found a transporter.
 28607 | D:11     | Killed GilGalad's ghost
 28672 | Orc:1    | Entered Level 1 of the Orcish Mines
 29159 | Orc:2    | Entered Level 2 of the Orcish Mines
 29255 | Orc:2    | Noticed Nessos
 30389 | Orc:2    | Killed Nessos
 30415 | Orc:2    | Found Muemn's General Store.
 30423 | Orc:2    | Found Guntiecw's Magic Scroll Shop.
 30987 | Orc:2    | Found Pupto's Distillery.
 31002 | Orc:2    | Bought a potion of lignification for 42 gold pieces
 31034 | Orc:2    | Found a staircase to the Elven Halls.
 31652 | Orc:2    | Reached skill level 18 in Long Blades
 32365 | Orc:2    | Reached XP level 15. HP: 138/138 MP: 20/24
 32442 | Orc:2    | Reached ****** piety under the Shining One
 33073 | Orc:2    | Found Zotimuam's Antique Weapon Shoppe.
 33073 | Orc:2    | Found Vyfario's Jewellery Emporium.
 33074 | Orc:2    | Found a one-way gate leading to the halls of Pandemonium.
 33223 | D:9      | Bought the ring of Sunlight {Ice rPois Will+ Str+4 Int+3}
                  | for 734 gold pieces
 33323 | Snake:1  | Entered Level 1 of the Snake Pit
 33381 | Snake:1  | Reached skill level 1 in Dodging
 33838 | Snake:1  | Found Ecrishri's Distillery.
 34052 | Snake:1  | Bought a potion of flight for 48 gold pieces
 34052 | Snake:1  | Bought 2 potions of heal wounds for 160 gold pieces
 34052 | Snake:1  | Bought a potion of resistance for 160 gold pieces
 34400 | Snake:1  | Found a runed translucent door.
 35125 | Snake:2  | Found Tuiziss's General Store.
 35281 | Snake:2  | Reached skill level 19 in Long Blades
 37229 | Snake:2  | Reached XP level 16. HP: 147/147 MP: 24/26
 37340 | Snake:2  | Found a broken altar of Ashenzari.
 37678 | Snake:3  | Reached skill level 15 in Fighting
 38108 | Snake:3  | Reached skill level 15 in Invocations
 38534 | Snake:3  | Reached skill level 5 in Dodging
 38708 | Snake:3  | Found Cuaz's General Store.
 38711 | Snake:3  | Found Tahurph's General Store.
 38713 | Snake:3  | Found Xase's Jewellery Emporium.
 38723 | Snake:3  | Bought a potion of heal wounds for 60 gold pieces
 38725 | Snake:3  | Bought a ring of protection from fire for 375 gold pieces
 38812 | Snake:3  | Got the Almanac of Confrontation
 39072 | Snake:3  | Noticed Donald
 39079 | Snake:3  | Killed Donald
 39346 | Snake:4  | Entered Level 4 of the Snake Pit
 40197 | Snake:4  | Identified the +7 fustibalus "Reoseel" {vorpal, rF- rC- rN+
                  | Int+6}
 40255 | Snake:4  | Reached skill level 20 in Long Blades
 45860 | Snake:4  | Got a serpentine rune of Zot
 46052 | Snake:4  | Noticed Aizul
 46062 | Snake:4  | Killed Aizul
 46063 | Snake:4  | Reached skill level 15 in Armour
 46179 | Snake:4  | Reached XP level 17. HP: 141/158 MP: 25/28
 47430 | D:13     | Noticed Urug
 47436 | D:13     | Killed Urug
 48389 | D:14     | Found a gate to the Vaults.
 48658 | D:14     | Identified the +3 cloak "Loboxit" {rN+++ Str-5 Dex+5}
 48752 | D:14     | Identified the +0 scale mail "Yneppuh" {rF+}
 48799 | D:14     | Identified the +7 tower shield of the Ward {rF+ Str+4 SInv}
 50429 | D:15     | Entered Level 15 of the Dungeon
 50481 | D:15     | Identified the +6 quarterstaff of Greatest Utility {freeze,
                  | Str+3}
 50775 | D:15     | Found a glowing golden altar of the Shining One.
 51464 | D:15     | Noticed Rupert
 51472 | D:15     | Killed Rupert
 51803 | D:15     | Found a staircase to the Depths.
 52637 | Shoals:1 | Entered Level 1 of the Shoals
 52643 | Lair:4   | Learned a level 2 spell: Blink
 53503 | Orc:2    | Bought a +1 pair of boots of flying for 264 gold pieces
 54895 | Shoals:1 | Reached skill level 1 in Translocations
 55786 | Shoals:2 | Reached XP level 18. HP: 108/168 MP: 29/29
 60070 | Shoals:4 | Entered Level 4 of the Shoals
 60914 | Shoals:4 | Identified the +4 halberd "Cirefewu" {flame, rPois}
 61414 | Shoals:4 | Identified the ring of the Hidden Visions {rN+ Str+6 Int+5
                  | Dex+3}
 61841 | Shoals:4 | Reached skill level 1 in Throwing
 62112 | Shoals:4 | Got a barnacled rune of Zot
 62883 | Vaults:1 | Entered Level 1 of the Vaults
 63757 | Vaults:1 | Identified the +8 short sword of Quick Death {vamp, rPois
                  | rN+}
 64199 | Vaults:1 | HP: 6/172 [slime creature (6)]
 64200 | Vaults:1 | The Shining One protects you from harm!
 64204 | Vaults:1 | Slain by a slime creature

Illustrated notes

Levels and vault maps discovered:
D:1:      eino_arrival_tree_alley, layout_basic,
          nicolae_ecumenical_snake_handling, minmay_pentomino_r2
D:2:      layout_loops_corners, uniq_terence, uniq_crazy_yiuf_cottage,
          uniq_robin, uniq_jessica
D:3:      layout_basic
D:4:      layout_basic, minmay_temple_entry_drinking_statues, serial_undead,
          serial_undead_e, serial_undead_d, serial_undead_d, serial_undead_e,
          serial_undead_f, serial_undead_d
D:5:      layout_cave_pods, gammafunk_ghost_cemetery
D:6:      layout_loops_corners, lemuel_tele_altar
D:7:      layout_cave_pools, uniq_maggie
D:8:      nzn_winding_woodlands_three_and_one
          [nzn_winding_woodlands_5x15_crooked, nzn_winding_woodlands_5x15_pool,
          nzn_winding_woodlands_5x15_garden,
          nzn_winding_woodlands_center_garden], layout_loops_ring,
          minmay_misc_feat_plants, uniq_pikel
D:9:      minmay_cut_squares, layout_rooms, nicolae_shop_unique_rings
D:10:     layout_rooms, lair_entry_dummy, serial_shops,
          nicolae_shop_behind_doors, serial_co_window_serial, co_window_paths_b,
          co_window_paths_b, co_window_paths_b, co_window_of_opportunity_a,
          co_window_of_opportunity_a, co_window_corner_a,
          co_window_unsneaky_path_c, co_window_paths_c, co_window_paths_c,
          co_window_unsneaky_path_a, co_window_broadway_b, co_window_4corner_b,
          co_window_4corner_a, glass_columns_c, interstate_on_off,
          corexii_hall_statues_l, uniq_maurice
D:11:     layout_basic, hiddenorc1_lemuel, gammafunk_ghost_smash, jiyva_altar_1
D:12:     layout_loops_ring
D:13:     layout_long_grid, minmay_diced_spiral, uniq_urug
D:14:     minmay_the_grid_triangle_9x9_line_8_mashed
          [minmay_the_grid_triangle_9x9_windchime,
          minmay_the_grid_triangle_9x9_limited_checkers,
          minmay_the_grid_triangle_9x9_swiss_cheese,
          minmay_the_grid_triangle_9x9_wacky_v,
          minmay_the_grid_triangle_9x9_stretched_checkered,
          minmay_the_grid_triangle_9x9_odd_lines,
          minmay_the_grid_triangle_9x9_skeleton,
          minmay_the_grid_triangle_9x9_prize_center], layout_irregular_city,
          lightli_vaults_fourway_checkpoint, hex_tiny
D:15:     hangedman_depths_entry_try_elsewhere_first, layout_long_grid,
          chequers_big_river, tso_metal_star, uniq_rupert
Temple:   mainiacjoe_temple_starburst
Lair:1:   layout_hall_layers, beast_lair_carwin_7
Lair:2:   layout_long_grid, minmay_snake_entry_six_corridors,
          nicolae_volcano_entry_vermiform, disabler_island
Lair:3:   layout_long_grid, uniq_snorg, uniq_sonja
Lair:4:   layout_misc_corridors, minmay_shoals_entry_beasts,
          nicolae_lair_grove_arrangements
Lair:5:   layout_layer_cave, minmay_slime_entry_jelly_boxes, basic_altar
Lair:6:   gammafunk_lair_ancient_temple, layout_big_grid
Shoals:1: layout_shoals, nicolae_shoals_land_atoll
Shoals:2: layout_shoals, nicolae_shoals_seven_spires,
          nicolae_shoals_elemental_ambush
Shoals:3: layout_shoals, nicolae_shoals_shepherds
Shoals:4: shoals_end_simple, layout_shoals
Snake:1:  layout_rooms, serial_shops, nicolae_shop_behind_doors, lightli_airlock
Snake:2:  layout_rooms, special_room, basic_altar, serial_shops, shop,
          nicolae_snake_salamander_jacuzzi
Snake:3:  layout_concentric_octagons, grunt_megastairs_4, serial_bayou_shore_b,
          minmay_shop_star, uniq_donald
Snake:4:  grunt_snake_rune_serpentine_throne, layout_misc_corridors,
          st_stairs_14, nicolae_snake_gridmaze_waves, uniq_aizul
Orc:1:    layout_diamond_mine, serial_shops, basic_altar
Orc:2:    pf_orc_diabolical, layout_diamond_mine, serial_shops, shop,
          hellmonk_bongcloud_opening, uniq_nessos
Vaults:1: v_misc_13, ontoclasm_vaults_echo, vaults_dpeg_ring, v_misc_11,
          hangedman_vaults_variations, vaults_room_grid, vaults_room_door_ring,
          nicolae_vaults_what_the_h, vaults_room_stairs_pillars,
          vaults_dpeg_diagonal, layout_vaults_omnibox, serial_shops, shop

Skill      XL: |  1  2  3  4  5  6  7  8  9 10 11 12 13 14 15 16 17 18 |
---------------+-------------------------------------------------------+-----
Long Blades    | 3 4 5 7 9 10 11 13 14 16 18 19 20 | 20.0
Shields        | 4 6 7 8 9 |  9.8
Fighting       | 4 5 6 8 9 10 11 12 14 15 16 18 | 18.2
Armour         | 4 5 6 7 9 10 12 13 14 15 | 15.7
Invocations    | 2 4 5 7 10 11 13 14 16 17 18 | 18.3
Evocations     | 2 3 4 5 6 7 8 9 |  9.3
Dodging        | 4 6 8 |  8.5
Translocations | 1 3 |  3.4
Throwing       | 2 |  2.2
Stealth        | |  0.2

Action                   |  1- 3 |  4- 6 |  7- 9 | 10-12 | 13-15 | 16-18 || total
-------------------------+-------+-------+-------+-------+-------+-------++-------
Melee: Long sword        |    75 |   158 |   307 |   376 |       |       ||   916
       Headbutt          |    10 |    26 |    81 |   184 |   240 |   460 ||  1001
       Falchion          |       |       |       |   100 |       |   831 ||   931
       Great sword       |       |       |       |    83 |   943 |   528 ||  1554
Throw: Javelin           |       |       |     5 |       |     3 |     3 ||    11
       Stone             |       |       |     3 |       |     1 |       ||     4
       Dart              |       |       |       |    41 |    55 |    55 ||   151
Invok: Divine Shield     |       |       |     1 |     4 |     4 |     1 ||    10
       Summon Divine War |       |       |       |       |     5 |    17 ||    22
       Cleansing Flame   |       |       |       |       |       |     2 ||     2
Evoke: Wand              |       |       |       |    11 |     5 |     3 ||    19
  Use: Scroll            |       |     7 |       |    13 |    10 |    13 ||    43
       Potion            |       |       |       |     3 |     7 |     8 ||    18
Armor: Scale mail        |    24 |       |       |       |       |       ||    24
       Plate armour      |    19 |   106 |   134 |   261 |       |       ||   520
       Chain mail        |       |       |       |     3 |   597 |   740 ||  1340
Dodge: Dodged            |    28 |    44 |    72 |   122 |   373 |   571 ||  1210
Block: Buckler           |    28 |    38 |    66 |    36 |       |       ||   168
       Reflection        |       |       |       |     7 |     1 |    66 ||    74
       Kite shield       |       |       |       |   240 |       |   635 ||   875
       Other             |       |       |       |    33 |    36 |     6 ||    75
